 Dungeon Crawl Stone Soup version 0.30.1 (webtiles) character file.

Game seed: 6698447728608917556

99 DemonSlayer the Digger (level 4, -2/30 HPs)
             Began as a Demonspawn Earth Elementalist on July 4, 2023.
             Slain by a gnoll
             ... wielding a +1 flail of protection
              (8 damage)
             ... on level 2 of the Dungeon.
             The game lasted 00:04:10 (1790 turns).

DemonSlayer the Digger (DsEE)                       Turns: 1790, Time: 00:04:11

Health: -2/30      AC:  2    Str:  9    XL:     4   Next: 45%
Magic:  3/8        EV: 12    Int: 16    God:
Gold:   56         SH:  4    Dex: 15    Spells: 8/9 levels left

rFire   . . .        d - +0 dagger
rCold   . . .        (no shield)
rNeg    . . .        a - +0 robe
rPois   .            (no helmet)
rElec   .            (no cloak)
rCorr   .            (no gloves)
SInv    .            (no boots)
Will    .....        (no amulet)
Stlth   ++           (no ring)
HPRegen 0.25/turn    (no ring)
MPRegen 0.11/turn

%: no passive effects
@: very slightly contaminated
A: condensation shield, weakness stinger 1
a: no special abilities


You were on level 2 of the Dungeon.
You visited 1 branch of the dungeon, and saw 2 of its levels.

You collected 56 gold pieces.

Inventory:

Hand Weapons
 d - a +0 dagger (weapon)
Armour
 a - a +0 robe (worn)
Jewellery
 e - a ring of ice
Scrolls
 f - a scroll of fear
 i - a scroll of teleportation
Potions
 c - a potion of cancellation
 g - 2 potions of attraction


   Skills:
 + Level 0.2 Fighting
 + Level 0.6 Short Blades
 + Level 2.0 Dodging
 + Level 2.1 Stealth
 + Level 0.1 Shields
 + Level 0.1 Unarmed Combat
 + Level 3.0 Spellcasting
 + Level 0.8 Transmutations
 + Level 3.7 Earth Magic


You had 8 spell levels left.
You knew the following spells:

 Your Spells              Type           Power      Damage    Failure   Level
a - Sandblast             Erth           28%        2d8       4%          1

Your spell library contained the following spells:

 Spells                   Type           Power      Damage    Failure   Level
 Passwall                 Tmut/Erth      7%         N/A       11%         2
 Stone Arrow              Conj/Erth      16%        3d8       26%         3
 Petrify                  Tmut/Erth      9%         N/A       58%         4


Dungeon Overview and Level Annotations

Branches:
Dungeon (2/15)

Altars:


Innate Abilities, Weirdness & Mutations

A meltable shield of frost defends you. (SH +4)
You have a small tail.


Message History

a +0 flail; a worm corpse; a frilled lizard corpse You see here a bat corpse.
There is an open door here.
A gnoll is nearby!
A gnoll is nearby!
A gnoll is nearby!
You can't see any susceptible monsters within range! (Use Z to cast anyway.)
You can't see any susceptible monsters within range! (Use Z to cast anyway.)
You can't see any susceptible monsters within range! (Use Z to cast anyway.)
You can't see any susceptible monsters within range! (Use Z to cast anyway.)
You can't see any susceptible monsters within range! (Use Z to cast anyway.)
You miscast Sandblast.
You are very lightly contaminated with residual magic.
Nothing appears to happen.
The gnoll shouts!
The blast of sand hits the gnoll.
The gnoll is heavily wounded.
The blast of sand hits the gnoll.
The gnoll is severely wounded.
The gnoll hits you with a +1 flail of protection.
The blast of sand hits the gnoll but does no damage.
The gnoll is severely wounded.
The gnoll hits you with a +1 flail of protection.
The rat closely misses you.
The blast of sand hits the gnoll but does no damage.
The gnoll is severely wounded.
The gnoll hits you with a +1 flail of protection.
The rat barely misses you.
The gnoll hits you with a +1 flail of protection!
* * * LOW HITPOINT WARNING * * *
The rat bites you but does no damage.
Casting: Sandblast (safe; 4% risk of failure)
Confirm with . or Enter, or press ? or * to list all spells.
Aiming: Sandblast (safe; 4% risk of failure)
Press: ? - help, Shift-Dir - straight line, f/p - gnoll
Aim: a gnoll, wielding a +1 flail of protection (severely wounded, 84% to hit)
The blast of sand hits the gnoll but does no damage.
The gnoll is severely wounded.
The gnoll hits you with a +1 flail of protection!
You die...

######### ######........
#............. #.............
#............. #.............
##.........####
############..........'†).
........g@............####
........r...$.........#
......$...............#
..........##..........#
#######..........##.##########
#....gg............?#
##.##################
#.#.......# #.#.#####.#


You could see a gnoll and a rat.

Vanquished Creatures
  3 gnolls
  An adder (D:2)
  A worm (D:2)
  6 ball pythons
  3 endoplasms (D:2)
  3 giant cockroaches (D:1)
  4 goblins
  5 hobgoblins (D:1)
  11 jackals (D:1)
  4 quokkas (D:2)
  2 bats
  3 frilled lizards
  4 kobolds
  4 rats
54 creatures vanquished.

Notes
Turn   | Place    | Note
-------+----------+-------------------------------------------
     0 | D:1      | DemonSlayer the Demonspawn Earth Elementalist began the
                  | quest for the Orb.
     0 | D:1      | Reached XP level 1. HP: 13/13 MP: 3/3
   134 | D:1      | Discovered your monstrous ancestry.
   134 | D:1      | Gained mutation: You have a small tail. [demonic ancestry]
   134 | D:1      | Reached XP level 2. HP: 19/19 MP: 3/5
   619 | D:1      | Gained mutation: A meltable shield of frost defends you.
                  | (SH +4) [demonic ancestry]
   619 | D:1      | Reached XP level 3. HP: 24/24 MP: 6/6
  1503 | D:2      | Reached XP level 4. HP: 30/30 MP: 6/8
  1790 | D:2      | Slain by a gnoll

Illustrated notes

Levels and vault maps discovered:
D:1:      dpeg_arrival_tiny_f, layout_loops_ring, minmay_misc_feat_more_columns
D:2:      layout_basic

Skill      XL: |  1  2  3  4 |
---------------+-------------+-----
Earth Magic    | 3 |  3.7
Stealth        | 2 |  2.1
Dodging        | 2 |  2.0
Spellcasting   | 3 |  3.0
Fighting       | |  0.2
Short Blades   | |  0.6
Shields        | |  0.1
Unarmed Combat | |  0.1
Transmutations | |  0.8

Action                     |  1- 3 |  4- 6 || total
---------------------------+-------+-------++-------
  Melee: Unarmed           |     7 |       ||     7
         Dagger            |    27 |     2 ||    29
         Tailslap          |     3 |       ||     3
   Cast: Sandblast         |    53 |    26 ||    79
    Use: Scroll            |     6 |       ||     6
         Potion            |       |     1 ||     1
   Stab: Sleeping          |     1 |     1 ||     2
 Armour: Robe              |    11 |     5 ||    16
  Dodge: Dodged            |    42 |    11 ||    53
  Block: Other             |     7 |     6 ||    13
